 Dungeon Crawl Stone Soup version 0.31-a0-1620-gcbf77bbcfc (webtiles) character file.

Game seed: 17891682199456922756

96 AlmostDecent the Chopper (level 4, 0/35 HPs)
             Began as a Demonspawn Berserker on Jan 12, 2024.
             Was a Believer of Trog.
             Killed by divine providence
             ... invoked by an orc priest
              (11 damage)
             ... on level 3 of the Dungeon.
             The game lasted 00:04:44 (1814 turns).

AlmostDecent the Chopper (Demonspawn Berserker)     Turns: 1814, Time: 00:04:45

Health: 0/35       AC:  6    Str: 25    XL:     4   Next: 41%
Magic:  4/4        EV: 11    Int:  7    God:    Trog [**....]
Gold:   82         SH:  0    Dex: 13    Spells: 3/3 levels left

rFire   . . .        n - +0 war axe
rCold   . . .        (no shield)
rNeg    . . .        k - +0 scale mail
rPois   .            (no helmet)
rElec   .            (no cloak)
rCorr   .            (no gloves)
SInv    +            (no boots)
Will    .....        (no amulet) Stlth
                     b - +6 ring of strength
HPRegen 0.25/turn    o - ring of see invisible
MPRegen 0.09/turn

%: no passive effects
@: no status effects
A: claws 1, foul stench 2
a: Renounce Religion, Berserk, Trog's Hand


You were on level 3 of the Dungeon.
You worshipped Trog.
Trog was pleased with you.
You visited 1 branch of the dungeon, and saw 3 of its levels.

You collected 82 gold pieces.

Inventory:

Hand Weapons
 n - a +0 war axe (weapon)
Armour
 k - a +0 scale mail (worn)
Jewellery
 b - a +6 ring of strength (left claw)
 h - a ring of fire
 o - a ring of see invisible (right claw)
Wands
 l - a wand of quicksilver (5)
Scrolls
 c - a scroll of teleportation {unknown}
 e - 2 scrolls of vulnerability {unknown}
 i - a scroll of enchant weapon {unknown}
 m - a scroll of brand weapon {unknown}
Potions
 a - 2 potions of heal wounds {unknown}
 d - a potion of berserk rage {unknown}
 f - 2 potions of curing {unknown}
 g - a potion of mutation {unknown}
 j - a potion of attraction {unknown}


   Skills:
 + Level 3.5 Fighting
 + Level 3.8 Axes
 + Level 2.1 Armour
 + Level 2.3 Dodging
 + Level 0.4 Stealth


You had 3 spell levels left.
You didn't know any spells.
Your spell library was empty.

Dungeon Overview and Level Annotations

Branches:
Dungeon (3/15)

Altars:


Innate Abilities, Weirdness & Mutations

You have sharp fingernails.
You sometimes emit foul miasma when damaged in melee.


Message History

You closely miss the orc. The orc hits you with a +0 club.
You hit the orc but do no damage. The orc barely misses you.
The orc closely misses you.
You closely miss the orc. The orc hits you with a +0 club.
You completely miss the orc. The orc barely misses you.
You hit the orc but do no damage. The orc hits you with a +0 club.
The orc hits you but does no damage.
An orc comes into view. It is wielding a +0 mace.
You barely miss the orc. The orc misses you.
You closely miss the orc. The orc hits you with a +0 club.
You slash the orc!
You kill the orc!
Trog accepts your kill. The orc hits you but does no damage.
You closely miss the orc. The orc hits you but does no damage.
You slash the orc!
You kill the orc!
Trog accepts your kill.
No target in view!
No target in view!
An orc priest comes into view. It is wielding a +0 mace.
Items here: )) [ †.
You barely miss the orc priest. The orc priest barely misses you.
You closely miss the orc priest. You claw the orc priest.
The orc priest is lightly wounded.
The orc priest hits you but does no damage.
The orc priest closely misses you.
You hit the orc priest.
The orc priest is heavily wounded.
The orc priest barely misses you.
You closely miss the orc priest.
The orc priest is heavily wounded.
The orc priest miscasts a cantrip.
You hit the orc priest but do no damage.
The orc priest is heavily wounded.
The orc priest mumbles some strange prayers to Beogh against you.
Pain shoots through your body!
The orc priest mumbles some strange prayers to Beogh against you.
Beogh smites you!
You die...

#### #.. #. #o#
#. #@# #.# #)#
#.# #.# #.# #.#
#.######(######
#.#
#.....).........
#.#
#.).............
#.#
#..##########.#.
#.#######..# #


You could see an orc priest.

Vanquished Creatures
  An orc wizard (D:3)
  An adder (D:2)
  A gnoll (D:1)
  A dart slug (D:1)
  2 orcs (D:3)
  7 bats
  3 endoplasms
  3 giant cockroaches
  3 goblins
  5 hobgoblins
  2 jackals (D:2)
  A kobold (D:1)
  2 quokkas (D:1)
  9 ball pythons
  A frilled lizard (D:1)
  6 rats
48 creatures vanquished.

Notes
Turn   | Place    | Note
-------+----------+-------------------------------------------
     0 | D:1      | AlmostDecent the Demonspawn Berserker began the quest for
                  | the Orb.
     0 | D:1      | Reached XP level 1. HP: 18/18 MP: 1/1
   260 | D:1      | Gained mutation: You have sharp fingernails. [demonic
                  | ancestry]
   260 | D:1      | Reached XP level 2. HP: 24/24 MP: 2/2
   639 | D:1      | Gained mutation: You may rarely emit foul miasma when
                  | damaged in melee. [demonic ancestry]
   639 | D:1      | Reached XP level 3. HP: 22/29 MP: 3/3
   691 | D:1      | Found a faded altar of an unknown god.
  1291 | D:2      | Reached ** piety under Trog
  1700 | D:2      | Gained mutation: You sometimes emit foul miasma when
                  | damaged in melee. [demonic ancestry]
  1700 | D:2      | Reached XP level 4. HP: 35/35 MP: 4/4
  1814 | D:3      | Killed from afar by an orc priest

Illustrated notes

Levels and vault maps discovered:
D:1:      co_arrival_hexagon_in_a_hexagon, layout_basic,
          ebering_ecumenical_altar_rust, minmay_misc_feat_iff
D:2:      layout_loops_ring
D:3:      layout_loops_ring, nzn_hepliaklqana_mist_gate,
          nicolae_dithmenos_the_darkroom, nicolae_tso_swordbearing_angel,
          mainiacjoe_overflow_paths

Skill      XL: |  1  2  3 |
---------------+----------+-----
Axes           | 3 |  3.8
Armour         | 2 |  2.1
Dodging        | 2 |  2.3
Fighting       | |  3.5
Stealth        | |  0.4

Action                     |  1- 3 |  4- 6 || total
---------------------------+-------+-------++-------
  Melee: Hand axe          |   112 |       ||   112
         Punch             |     4 |     1 ||     5
         War axe           |    22 |    20 ||    42
   Stab: Sleeping          |     1 |       ||     1
 Armour: Animal skin       |    61 |       ||    61
         Scale mail        |    23 |    12 ||    35
  Dodge: Dodged            |   106 |     7 ||   113

Table legend: (Time is in decaauts)
 A = Elapsed time spent in this place.
 B = Non-inter-level travel time spent in this place.
 C = Inter-level travel time spent in this place.
 D = Time resting spent in this place.
 E = Time spent auto-exploring this place.
 F = Levels seen in this place.
 G = Mean time per level.
                   A        B        C        D        E       F      G
               +--------+--------+--------+--------+--------+-----+--------+
         Total |   1841 |   1812 |     29 |      0 |   1443 |   3 |  613.7 |
       Dungeon |   1841 |   1812 |     29 |      0 |   1443 |   3 |  613.7 |
               +--------+--------+--------+--------+--------+-----+--------+

Top non-repeatable levels by time:
     D:1: 1044 daAuts
     D:2: 735 daAuts
     D:3: 61 daAuts
